 Dungeon Crawl Stone Soup version 0.30-a0-591-g3c58d2bc28 (webtiles) character file.

Game seed: 10393435792117149180

288 Newt the Shooter (level 6, -3/48 HPs)
             Began as a Demonspawn Gladiator on Jan 5, 2023.
             Was an Initiate of Qazlal.
             Slain by a gnoll
             ... wielding a +0 whip
              (6 damage)
             ... on level 4 of the Dungeon.
             The game lasted 00:05:17 (2879 turns).

Newt the Shooter (Demonspawn Gladiator)             Turns: 2879, Time: 00:05:17

Health: -3/48      AC:  3    Str: 14    XL:     6   Next: 9%
Magic:  6/6        EV: 12    Int:  9    God:    Qazlal [......]
Gold:   90         SH:  0    Dex: 17    Spells: 5/5 levels left

rFire   + . .      SeeInvis +    j - +4 hand axe (heavy)
rCold   + . .      Faith    .    (no shield)
rNeg    . . .      Spirit   .    b - +0 leather armour
rPois   .          Reflect  .    (helmet restricted)
rElec   .          Harm     .    q - scarf {rC+ rF+}
rCorr   +          Rampage  .    (gloves unavailable)
Will    .....                    (no boots)
Stlth   ++                       (no amulet)
HPRegen 0.28/turn                f - ring of see invisible
MPRegen 0.10/turn                k - ring of resist corrosion

@: no status effects
A: antennae 1, hooves 1, demonic touch 3
a: Renounce Religion


You were on level 4 of the Dungeon.
You worshipped Qazlal.
Qazlal was noncommittal.
You visited 1 branch of the dungeon, and saw 4 of its levels.

You collected 118 gold pieces.
You spent 28 gold pieces at shops.

Inventory:

Hand Weapons
 a - a +0 rapier
 g - a +1 sling of flaming
 j - a +4 heavy hand axe (weapon)
Missiles
 d - 3 throwing nets (quivered)
 e - a javelin
 l - 6 poisoned darts
Armour
 b - a +0 leather armour (worn)
 c - a +0 helmet
 q - a scarf of resistance (worn)
Jewellery
 f - a ring of see invisible (left hand)
 k - a ring of resist corrosion (right hand)
 r - a ring of positive energy
Potions
 h - a potion of heal wounds {unknown}
 i - 2 potions of might
 n - 2 potions of haste {unknown}
 p - a potion of attraction {unknown}


   Skills:
 + Level 3.9 Fighting
 - Level 2.6 Short Blades
 - Level 4.0 Ranged Weapons
 - Level 1.7 Throwing
 - Level 2.6 Dodging
 - Level 2.0 Stealth


You had 5 spell levels left.
You didn't know any spells.
Your spell library contained the following spells:

 Spells                   Type           Power      Damage    Failure   Level
 Sting                    Tmut/Pois      0%         1d3       45%         1
 Poisonous Vapours        Pois/Air       0%         N/A       61%         2
 Olgreb's Toxic Radiance  Pois           0%         N/A       99%         4


Dungeon Overview and Level Annotations

Branches:
Dungeon (4/15)
 Temple: D:4-7

Altars:
Cheibriados
Makhleb
Nemelex Xobeh
Qazlal
Sif Muna
Uskayaw

Shops:
D:1 ?[(*


Innate Abilities, Weirdness & Mutations

You have a pair of small antennae on your head.
You have large cloven feet.
Your touch may irresistibly damage your foes and sap their willpower.


Message History

A gnoll comes into view. It is wielding a +0 whip.
A gnoll comes into view. It is wielding a +0 flail.
The gnoll shouts!
The gnoll hits you from afar with a +0 spear.
A gnoll comes into view. It is wielding a +0 whip.
The gnoll hits you with a +0 spear.
You slash the gnoll! You kick the gnoll.
The gnoll is heavily wounded.
The gnoll closely misses you.
You barely miss the gnoll. Your kick misses the gnoll.
The gnoll hits you from afar with a +0 spear.
The gnoll hits you but does no damage. The gnoll closely misses you.
The gnoll hits you with a +0 whip.
You slash the gnoll! You kick the gnoll.
The gnoll is severely wounded.
The gnoll closely misses you. The gnoll barely misses you.
The gnoll completely misses you. The gnoll hits you with a +0 whip.
You slash the gnoll!
You kill the gnoll!
Qazlal accepts your kill.
The gnoll hits you from afar with a +0 spear. x2
The gnoll barely misses you.
You are too injured to fight recklessly!
You are too injured to fight recklessly!
You are too injured to fight recklessly!
You completely miss the gnoll.
You touch the gnoll!
You sap its willpower!
The gnoll is severely wounded.
The gnoll barely misses you. The gnoll hits you with a +0 flail!
The gnoll hits you from afar with a +0 spear.
* * * LOW HITPOINT WARNING * * *
The gnoll barely misses you.
You barely miss the gnoll. You kick the gnoll.
You kill the gnoll!
Qazlal accepts your kill.
The gnoll hits you from afar with a +0 spear!
* * * LOW HITPOINT WARNING * * *
The gnoll hits you from afar with a +0 spear.
* * * LOW HITPOINT WARNING * * *
The gnoll hits you with a +0 whip.
You die...

#..###..#..###..#
##
#.....###.....##
###.......#####
##.###### #.### #
#...# #. ###.#
#..###...#
#gg@..### #######


You could see 2 gnolls.

Vanquished Creatures
  A bullfrog (D:3)
  An orc priest (D:3)
  An orc wizard (D:3)
  2 gnolls (D:4)
  6 adders
  5 worms (D:2)
  A dart slug (D:1)
  7 orcs (D:3)
  7 endoplasms
  4 giant cockroaches
  7 goblins
  9 hobgoblins
  6 jackals
  6 quokkas
  8 ball pythons
  3 bats
  2 frilled lizards
  7 kobolds
  4 rats
87 creatures vanquished.

Notes
Turn   | Place    | Note
-------+----------+-------------------------------------------
     0 | D:1      | Newt the Demonspawn Gladiator began the quest for the Orb.
     0 | D:1      | Reached XP level 1. HP: 16/16 MP: 1/1
    64 | D:1      | Reached skill level 1 in Stealth
    97 | D:1      | Discovered your monstrous ancestry.
    97 | D:1      | Gained mutation: Your touch may inflict minor irresistible
                  | damage on your foes. [demonic ancestry]
    97 | D:1      | Reached XP level 2. HP: 22/22 MP: 2/2
   236 | D:1      | Found a faded altar of an unknown god.
   283 | D:1      | Found Qauff's Armour Emporium.
   321 | D:1      | Found Udwil's Antique Weapon Emporium.
   325 | D:1      | Found Nuarer's Assorted Antiques.
   348 | D:1      | Bought a scroll labelled GEKKIM HO JOCU for 28 gold pieces
   420 | D:1      | Reached skill level 1 in Ranged Weapons
   471 | D:1      | Gained mutation: Your touch may inflict irresistible damage
                  | on your foes. [demonic ancestry]
   471 | D:1      | Reached XP level 3. HP: 27/27 MP: 3/3
   496 | D:1      | Found Ettoehuk's Magic Scroll Emporium.
   742 | D:1      | Reached skill level 2 in Ranged Weapons
   742 | D:1      | HP: 1/27 [poisoned by an adder]
  1322 | D:2      | Gained mutation: You have large cloven feet. [demonic
                  | ancestry]
  1322 | D:2      | Reached XP level 4. HP: 29/33 MP: 4/4
  1428 | D:2      | Reached skill level 3 in Ranged Weapons
  1823 | D:3      | Noticed a bullfrog
  1831 | D:3      | Killed a bullfrog
  1832 | D:3      | Gained mutation: You have a pair of small antennae on your
                  | head. [demonic ancestry]
  1832 | D:3      | Reached XP level 5. HP: 23/38 MP: 5/5
  1897 | D:3      | Reached skill level 4 in Ranged Weapons
  1955 | D:3      | Found a burning altar of Makhleb.
  2014 | D:3      | Found a snail-covered altar of Cheibriados.
  2014 | D:3      | Found a hide-covered altar of Uskayaw.
  2016 | D:3      | Found a shimmering blue altar of Sif Muna.
  2019 | D:3      | Found a stormy altar of Qazlal.
  2362 | D:3      | Became a worshipper of Qazlal Stormbringer
  2697 | D:4      | Gained mutation: Your touch may irresistibly damage your
                  | foes and sap their willpower. [demonic ancestry]
  2697 | D:4      | Reached XP level 6. HP: 21/48 MP: 6/6
  2849 | D:4      | Found a sparkling altar of Nemelex Xobeh.
  2879 | D:4      | Slain by a gnoll

Illustrated notes

Levels and vault maps discovered:
D:1:      shiori_arrival_elements, layout_basic, serial_shops, shop, shop, shop,
          nicolae_lakefront_shop, hellmonk_ecumenical_altar_zigzags,
          minmay_misc_feat_chi
D:2:      layout_basic, hangedman_decor_growths
D:3:      layout_rooms, mainiacjoe_overflow_catwalk,
          mainiacjoe_overflow_concentric_impassable,
          chequers_temple_overflow_statue_of_worship
D:4:      layout_cave_pools, nemelex_spade_bored_becter

Skill      XL: |  1  2  3  4  5 |
---------------+----------------+-----
Stealth        | 1 2 |  2.0
Ranged Weapons | 1 2 3 4 |  4.0
Fighting       | 3 |  3.9
Short Blades   | |  2.6
Throwing       | |  1.7
Dodging        | |  2.6

Action                   |  1- 3 |  4- 6 || total
-------------------------+-------+-------++-------
Melee: Rapier            |     1 |       ||     1
       Hand axe          |       |    28 ||    28
       Touch             |       |     4 ||     4
       Kick              |       |     6 ||     6
 Fire: Sling             |   124 |    88 ||   212
Throw: Javelin           |       |     1 ||     1
  Use: Scroll            |     5 |     5 ||    10
       Potion            |     1 |     1 ||     2
 Stab: Sleeping          |       |     1 ||     1
Armor: Leather armour    |    22 |    24 ||    46
Dodge: Dodged            |    54 |    51 ||   105

Table legend: (Time is in decaauts)
 A = Elapsed time spent in this place.
 B = Non-inter-level travel time spent in this place.
 C = Inter-level travel time spent in this place.
 D = Time resting spent in this place.
 E = Time spent auto-exploring this place.
 F = Levels seen in this place.
 G = Mean time per level.
                   A        B        C        D        E       F      G
               +--------+--------+--------+--------+--------+-----+--------+
         Total |   2971 |   2894 |     77 |    629 |   1694 |   4 |  742.8 |
       Dungeon |   2971 |   2894 |     77 |    629 |   1694 |   4 |  742.8 |
               +--------+--------+--------+--------+--------+-----+--------+

Top non-repeatable levels by time:
     D:1: 1068 daAuts
     D:3: 867 daAuts
     D:2: 802 daAuts
     D:4: 232 daAuts
